 Dungeon Crawl Stone Soup version 0.27-a0-972-gd1521fd518 (webtiles) character file.

Game seed: 15740817258049943578

3518 tardwrangler69 the Geomancer (level 9, -6/62 HPs)
             Began as a White Draconian Earth Elementalist on Apr 13, 2021.
             Was an Initiate of Vehumet.
             Killed from afar by Erica (20 damage)
             ... with a bolt of acid
             ... on level 9 of the Dungeon.
             The game lasted 00:11:10 (11196 turns).

tardwrangler69 the Geomancer (DrEE)                Turns: 11196, Time: 00:11:10

Health: -6/62      AC:  5    Str: 12    XL:     9   Next: 81%
Magic:  18/20      EV: 12    Int: 24    God:    Vehumet [......]
Gold:   389        SH:  0    Dex: 11    Spells: 12/23 levels left

rFire    . . .     SeeInvis .   h - +2 trident (venom)
rCold    + . .     Faith    .   (no shield)
rNeg     . . .     Spirit   .   (armour unavailable)
rPois    .         Reflect  .   (helmet restricted)
rElec    .         Harm     .   j - +0 cloak
rCorr    .         Rampage  .   F - +0 pair of gloves
Will     .....                  (no boots)
Stlth    ++........             (no amulet)
HPRegen  0.20/turn              v - ring of wizardry
MPRegen  0.17/turn              a - +6 ring of intelligence

@: corroded
A: breathe frost, AC +7, unfitting armour, cold resistance 1, cold-blooded
a: Breathe Frost, Renounce Religion


You were on level 9 of the Dungeon.
You worshipped Vehumet.
Vehumet was noncommittal.
You visited 2 branches of the dungeon, and saw 10 of its levels.

You collected 444 gold pieces.
You spent 55 gold pieces at shops.

Inventory:

Hand Weapons
 h - a +2 trident of venom (weapon)
Missiles
 b - 152 stones
 q - 3 throwing nets
Armour
 j - a +0 cloak (worn)
 F - a +0 pair of gloves (worn)
Jewellery
 a - a +6 ring of intelligence (right hand)
 c - a ring of fire
 e - a +6 ring of dexterity
 p - a +4 ring of slaying
 v - a ring of wizardry (left hand)
Wands
 w - a wand of digging (6)
 A - a wand of flame (19)
 C - a wand of iceblast (15)
 E - a wand of mindburst (13)
Scrolls
 f - 2 scrolls of torment {unknown}
 g - 6 scrolls of identify {unknown}
 i - 2 scrolls of noise {unknown}
 m - 3 scrolls of enchant armour {unknown}
 s - a scroll of holy word {unknown}
 t - 2 scrolls of teleportation {unknown}
 y - 3 scrolls of blinking {unknown}
 z - a scroll of enchant weapon {unknown}
 D - a scroll of magic mapping {unknown}
Potions
 d - 2 potions of degeneration {unknown}
 k - a potion of brilliance {unknown}
 l - 2 potions of might {unknown}
 n - a potion of invisibility {unknown}
 r - 2 potions of flight {unknown}
 u - 4 potions of curing {unknown}
 x - a potion of berserk rage {unknown}
 B - a potion of lignification {unknown}


   Skills:
 - Level 1.7 Dodging
 - Level 1.7 Stealth
 + Level 7.7 Spellcasting
 - Level 1.0 Transmutations
 * Level 11.7 Earth Magic


You had 12 spell levels left.
You knew the following spells:

 Your Spells              Type           Power      Damage    Failure   Level
a - Sandblast             Erth           100%       2d20      1%          1
b - Stone Arrow           Conj/Erth      74%        3d11      1%          3
c - Passwall              Tmut/Erth      32%        N/A       1%          2
d - Lee's Rapid Deconstr  Erth           30%        3d17*     1%          5

Your spell library contained the following spells:

 Spells                   Type           Power      Damage    Failure   Level
 Petrify                  Tmut/Erth      39%        N/A       1%          4
 Animate Skeleton         Necr           18%        N/A       2%          1
 Summon Small Mammal      Summ           36%        N/A       2%          1
 Call Imp                 Summ           9%         N/A       4%          2
 Corpse Rot               Necr/Air       N/A        N/A       4%          2
 Call Canine Familiar     Summ           9%         N/A       9%          3
 Lesser Beckoning         Tloc           4%         N/A       9%          3
 Summon Guardian Golem    Hex/Summ       9%         N/A       9%          3
 Vampiric Draining        Necr           4%         2d6       9%          3
 Summon Ice Beast         Ice/Summ       9%         N/A       26%         4
 Summon Lightning Spire   Summ/Air       9%         N/A       26%         4
 Agony                    Necr           9%         N/A       56%         5
 Death Channel            Necr           4%         N/A       98%         6


Dungeon Overview and Level Annotations

Branches:
Dungeon (9/15)             Temple (1/1) D:6
   Lair: D:8-11         Orc: D:9-12

Altars:
Cheibriados
Elyvilon
Fedhas
Gozag
Hepliaklqana
Kikubaaqudgha
Makhleb
Okawaru
Qazlal
Ru
Trog
Uskayaw
Vehumet
Xom
Yredelemnul
Zin
The Shining One

Shops:
D:3 (   D:5 :(!(

Annotations:
D:5 3 runed translucent doors, Sobieck's ghost, novice GrFE
D:9 Erica


Innate Abilities, Weirdness & Mutations

You can breathe waves of freezing cold which knock back foes.
Your icy white scales are hard. (AC +7)
You cannot fit into any form of body armour.
Your flesh is cold resistant. (rC+)
You are cold-blooded and may be slowed by cold attacks.


Message History

a +0 shortbow; 14 arrows; a centaur corpse
Found a stone staircase leading down.
There is a stone staircase leading down here.
You see here 9 poisoned darts.
You see here 9 poisoned darts.
An orc priest comes into view. It is wielding a +0 war axe.
The orc priest moves out of view.
A warg comes into view.
The orc priest mumbles some strange prayers to Beogh against you.
Beogh smites you!
You hear a shout! x2; You hear a howl!
Unknown command.
Casting: Stone Arrow (safe; 1% risk of failure)
Confirm with . or Enter, or press ? or * to list all spells.
You can't see any susceptible monsters within range! (Use Z to cast anyway.) Erica the Fiery-Tempered comes into view.
She is wielding a +1 scimitar of flaming, wearing a +2 robe of willpower and carrying a wand of acid (10).
The orc priest invokes the aid of Beogh against you.
You struggle to resist.
An orc comes into view. It is wielding a +0 club.
An orc priest comes into view. It is wielding a +0 club.
Casting: Stone Arrow (safe; 1% risk of failure)
Confirm with . or Enter, or press ? or * to list all spells.
Aiming: Stone Arrow (safe; 1% risk of failure)
Press: ? - help, Shift-Dir - straight line, f - Erica
Aim: Erica, wielding a +1 scimitar of flaming, wearing a +2 robe of willpower and carrying a wand of acid (10) (wandering, hasn't noticed you, 29% to evade)
The stone arrow hits Erica!
Erica is moderately wounded.
Erica shouts!
The warg howls!
The orc throws a boomerang.
The boomerang closely misses you.
The orc priest invokes the aid of Beogh against you.
Pain shoots through your body!
A warg comes into view.
Erica zaps a wand.
The bolt of acid hits you! The acid corrodes you!
You are splashed with acid!
* * * LOW HITPOINT WARNING * * *
Okay, then.
Okay, then.
There is a stone staircase leading up here.
Erica zaps a wand.
The bolt of acid hits you!!
You die...

##........## #......)...#
#.....[....# #..........#
#..........# #..........#
##........## #..........##
#.@.........##
#............##
#####..........#..#
#o@.@..........##.####
h..oo.h####........###....#
....... ##.......######.#
......# #.#.###..#####>##
.....# #...# ##..##.....
....# #..## ##..#.....


You could see Erica.

Vanquished Creatures
  A two-headed ogre (D:7)
  A troll (D:8)
  A shadow (D:9)
  A wyvern (D:8)
  A vampire (D:9)
  4 steam dragons
  2 water moccasins (D:7)
  An ice beast (D:5)
  3 ogres
  2 centaurs
  2 bullfrogs
  A gnoll sergeant (D:8)
  A wyvern zombie (D:6)
  A wyvern skeleton (D:6)
  2 howler monkeys (D:7)
  A centaur zombie (D:9)
  2 hounds
  A bullfrog zombie (D:5)
  2 gnoll shamans (D:4)
  A centaur skeleton (D:7)
  An orc priest (D:3)
  An iguana (D:5)
  An orc wizard (D:3)
  A killer bee zombie (D:7)
  8 adders
  14 gnolls
  A white imp (D:5)
  2 ufetubi
  An adder skeleton (D:5)
  4 dart slugs
  12 orcs
  7 endoplasms
  2 giant cockroaches
  9 goblins
  2 hobgoblins (D:2)
  8 jackals
  8 kobolds
  2 quokkas
  5 ball pythons
  6 bats
  A frilled lizard (D:3)
  6 rats
133 creatures vanquished.

Notes
Turn   | Place    | Note
-------+----------+-------------------------------------------
     0 | D:1      | tardwrangler69 the Draconian Earth Elementalist began the
                  | quest for the Orb.
     0 | D:1      | Reached XP level 1. HP: 14/14 MP: 3/3
   230 | D:1      | Reached XP level 2. HP: 10/20 MP: 0/5
  1273 | D:2      | Reached XP level 3. HP: 14/26 MP: 4/6
  1357 | D:2      | Reached skill level 4 in Earth Magic
  2010 | D:2      | Found a faded altar of an unknown god.
  2585 | D:2      | Reached XP level 4. HP: 18/33 MP: 8/8
  3366 | D:3      | Reached skill level 5 in Earth Magic
  3366 | D:3      | Reached XP level 5. HP: 18/38 MP: 5/9
  3643 | D:3      | Noticed an ogre
  3664 | D:3      | Killed an ogre
  4150 | D:3      | Found Dodunuoc's Antique Weapon Shoppe.
  4538 | D:4      | Reached skill level 6 in Earth Magic
  4538 | D:4      | Reached XP level 6. HP: 29/45 MP: 8/11
  5510 | D:5      | Entered Level 5 of the Dungeon
  5537 | D:5      | Found Qon Xus's Weapon Shoppe.
  5608 | D:5      | Your scales start taking on an icy white colour.
  5608 | D:5      | Reached XP level 7. HP: 50/50 MP: 10/13
  5608 | D:5      | Gained mutation: Your flesh is cold resistant. (rC+) [White
                  | Draconian growth]
  5658 | D:5      | Noticed a steam dragon
  5665 | D:5      | Killed a steam dragon
  5666 | D:5      | Reached skill level 7 in Earth Magic
  5990 | D:5      | Found Aleck's Book Emporium.
  6061 | D:5      | Found Becuoric's Antique Weapon Emporium.
  6160 | D:5      | Found Synwuatu's Distillery.
  6173 | D:5      | Bought a potion of heal wounds for 55 gold pieces
  6203 | D:5      | Found a runed translucent gate.
  6204 | D:5      | Found a runed translucent gate.
  6206 | D:5      | Found a runed translucent gate.
  6208 | D:5      | Noticed Sobieck's ghost (novice GrFE)
  6345 | D:5      | Reached skill level 5 in Spellcasting
  6454 | D:5      | Found an iron altar of Okawaru.
  6726 | D:6      | Reached skill level 8 in Earth Magic
  6733 | D:6      | Reached XP level 8. HP: 15/57 MP: 4/15
  6979 | D:6      | Found a staircase to the Ecumenical Temple.
  7659 | D:6      | Learned a level 3 spell: Stone Arrow
  7662 | D:6      | Learned a level 2 spell: Passwall
  7668 | D:6      | Learned a level 5 spell: Lee's Rapid Deconstruction
  7700 | Temple   | Entered the Ecumenical Temple
  7766 | Temple   | Became a worshipper of Vehumet
  7985 | D:7      | Reached skill level 9 in Earth Magic
  8146 | D:7      | Noticed a two-headed ogre
  8152 | D:7      | HP: 2/57 [two-headed ogre/+0 giant club (22)]
  8153 | D:7      | Killed a two-headed ogre
  8154 | D:7      | Reached skill level 10 in Earth Magic
  8154 | D:7      | Reached XP level 9. HP: 3/62 MP: 11/18
  9118 | D:7      | Identified the Guide on Stolen Souls and Translocation
  9942 | D:8      | Reached skill level 11 in Earth Magic
 10825 | D:9      | Noticed a troll
 10951 | D:8      | Killed a troll
 11189 | D:9      | Noticed Erica
 11196 | D:9      | Killed from afar by Erica

Illustrated notes

Levels and vault maps discovered:
D:1:      grunt_arrival_lava_bath, layout_basic
D:2:      layout_loops_cross, shapermc_ecumenical_altar_totnotflames,
          chequers_serial_rivers_small_3, corner_web_ring,
          minmay_misc_feat_hallway, grunt_ministairs_6
D:3:      layout_basic, portal_sewer_entry_a, serial_shops, shop,
          minmay_distorted
D:4:      layout_cave_pools
D:5:      layout_basic, marbit_many_paths, serial_shops,
          nicolae_shop_temple_entry_statues_fountains, shop_fountains,
          nicolae_shop_statue_plus, kennysheep_mini, gammafunk_ghost_necromancy
D:6:      layout_basic, minmay_temple_entry_overgrown
D:7:      layout_layer_cave
D:8:      layout_loops_ring, grunt_decor_arrowhead, kennysheep_boxes
D:9:      layout_rooms, erik_lair_orcish_takeover, minmay_orc_keep, uniq_erica
Temple:   compressed_dpeg_triangle_lava_temple

Skill      XL: |  1  2  3  4  5  6  7  8  9 |
---------------+----------------------------+-----
Earth Magic    | 4 5 6 8 10 11 | 11.7
Spellcasting   | 3 4 5 6 7 |  7.7
Dodging        | |  1.7
Stealth        | |  1.7
Transmutations | |  1.0

Action                   |  1- 3 |  4- 6 |  7- 9 || total
-------------------------+-------+-------+-------++-------
Melee: Dagger            |   168 |   132 |    43 ||   343
       Unarmed           |     6 |       |       ||     6
       Tailslap          |    17 |    23 |     5 ||    45
       Trident           |       |       |     1 ||     1
 Cast: Sandblast         |    16 |    59 |    91 ||   166
       Lee's Rapid Decon |       |       |     5 ||     5
       Stone Arrow       |       |       |     2 ||     2
  Use: Potion            |       |       |     1 ||     1
 Stab: Sleeping          |     3 |     3 |       ||     6
Armor: Skin              |    78 |    86 |    26 ||   190
Dodge: Dodged            |   147 |   130 |    71 ||   348

Table legend: (Time is in decaauts)
 A = Elapsed time spent in this place.
 B = Non-inter-level travel time spent in this place.
 C = Inter-level travel time spent in this place.
 D = Time resting spent in this place.
 E = Time spent auto-exploring this place.
 F = Levels seen in this place.
 G = Mean time per level.
                   A        B        C        D        E       F      G
               +--------+--------+--------+--------+--------+-----+--------+
         Total |  11203 |  10896 |    307 |    484 |   9166 |  10 | 1120.3 |
       Dungeon |  11123 |  10847 |    276 |    484 |   9119 |   9 | 1235.9 |
        Temple |     79 |     48 |     31 |      0 |     47 |   1 |   79.0 |
               +--------+--------+--------+--------+--------+-----+--------+

Top non-repeatable levels by time:
     D:2: 1946 daAuts
     D:7: 1774 daAuts
     D:3: 1727 daAuts
     D:6: 1219 daAuts
     D:8: 1163 daAuts
     D:1: 1119 daAuts
     D:5: 1089 daAuts
     D:4: 725 daAuts
     D:9: 358 daAuts
  Temple: 79 daAuts
